 Dungeon Crawl Stone Soup version 0.24.1-11-gbbbb2193e6 (webtiles) character file.

Game seed: 3841444467529419363, levelgen mode: deterministic

2438 Skodnik20 the Protected (level 9, -14/115 HPs)
             Began as a Minotaur Berserker on May 14, 2020.
             Was an Elder of Trog.
             Demolished by an orc warrior
             ... wielding a +0 battleaxe
              (19 damage)
             ... on level 8 of the Dungeon.
             The game lasted 00:28:36 (7182 turns).

Skodnik20 the Protected (Minotaur Berserker)        Turns: 7182, Time: 00:28:37

Health: -14/115    AC:  9    Str: 29    XL:     9   Next: 25%
Magic:  8/8        EV: 12    Int:  5    God:    Trog [****..]
Gold:   247        SH: 11    Dex: 10    Spells: 8/8 levels left

rFire    . . .     SeeInvis .   x - +0 war axe
rCold    . . .     Gourm    .   y - +0 shield
rNeg     . . .     Faith    .   g - +1 scale mail
rPois    .         Spirit   .   (helmet restricted)
rElec    .         Reflect  .   (no cloak)
rCorr    .         Harm     .   (no gloves)
MR       .....                  (no boots)
Stlth    ..........             (no amulet)
HPRegen  0.29/turn              (no ring)
MPRegen  0.11/turn              (no ring)

@: berserking, very quick
A: retaliatory headbutt, horns 2
a: Berserk, Trog's Hand, Brothers in Arms, Renounce Religion


You were on level 8 of the Dungeon.
You worshipped Trog.
Trog was greatly pleased with you.
You were very hungry.

You visited 1 branch of the dungeon, and saw 8 of its levels.

You collected 247 gold pieces.

Inventory:

Hand Weapons
 x - a +0 war axe (weapon)
 F - a +2 whip of flaming
Missiles
 m - 31 poisoned darts (quivered)
 r - 4 javelins
 z - 2 curare-tipped darts
Armour
 g - a +1 scale mail (worn)
 k - a +2 ring mail of positive energy
 y - a +0 shield (worn)
Jewellery
 n - an uncursed ring of protection from cold {unknown}
 v - an uncursed amulet of guardian spirit {unknown}
 A - an uncursed amulet of harm {unknown}
Wands
 B - a wand of polymorph (14)
Scrolls
 a - a scroll of teleportation {unknown}
 b - a scroll of amnesia {unknown}
 d - a scroll of enchant armour
 e - a scroll of fog
 f - 3 scrolls of enchant weapon
 i - 4 scrolls of remove curse
 l - 7 scrolls of identify {unknown}
 t - a scroll of fear {unknown}
 C - a scroll of immolation {unknown}
Potions
 h - 3 potions of curing {unknown}
 j - a potion of cancellation {unknown}
 o - 6 potions of brilliance {unknown}
 p - a potion of berserk rage {unknown}
 q - 2 potions of resistance {unknown}
 s - a potion of agility {unknown}
 u - 2 potions of might {unknown}
 w - 2 potions of flight {unknown}
 E - 2 potions of degeneration {unknown}
Comestibles
 c - 8 rations
 D - 5 chunks of flesh


   Skills:
 - Level 6.3 Fighting
 - Level 6.3 Axes
 + Level 8.4 Armour
 + Level 7.7 Dodging
 + Level 5.9 Shields


You had 8 spell levels left.
You didn't know any spells.
Your spell library was empty.

Dungeon Overview and Level Annotations

Branches:
Dungeon (8/15)             Temple (0/1) D:4
   Lair: D:8-11

Altars:
Dithmenos
Elyvilon
Gozag
Makhleb
Okawaru
Qazlal
Sif Muna
Trog
Yredelemnul
The Shining One

Shops:
D:4 [

Annotations:
D:2 Natasha


Innate Abilities, Weirdness & Mutations

You reflexively headbutt those who attack you in melee.
You have a pair of horns on your head.


Message History

The orc warrior is almost dead.
The orc warrior hits you but does no damage.
The quokka twitches its whiskers.
You barely miss the orc warrior.
The orc warrior is almost dead.
The orc warrior hits you with a +0 battleaxe!
You hit the orc warrior but do no damage.
Your headbutt misses the orc warrior.
The orc warrior is almost dead.
The orc warrior hits you with a +0 battleaxe!!
* * * LOW HITPOINT WARNING * * *
You hit the orc warrior but do no damage.
The orc warrior is almost dead.
The orc warrior hits you with a +0 battleaxe.
* * * LOW HITPOINT WARNING * * *
A red film seems to cover your vision as you go berserk!
You feel yourself moving faster!
You feel mighty!
You are feeling very hungry.
The orc warrior hits you with a +0 battleaxe!!
You die...

..#.#.. .....
$.. #.# .
#.##### [.
#.r...###.
##.#
##oo......
.....
#o##.##..
......#####@#
#
.......))...#
......####..#
..... #.....
##.. #.#####
#. #.# # #.#
..# ###


You could see an orc warrior, an orc priest, an orc and a quokka.

Vanquished Creatures
  Pikel (D:7)
  3 sky beasts
  3 ogres
  A centaur (D:3)
  4 bullfrogs
  A water moccasin skeleton (D:7)
  2 scorpions (D:4)
  4 howler monkeys (D:7)
  3 hounds
  5 orc priests
  A gnoll shaman (D:7)
  An orc wizard (D:8)
  A bullfrog skeleton (D:7)
  A centaur skeleton (D:4)
  3 iguanas
  Natasha (D:2)
  3 worker ants
  A howler monkey zombie (D:6)
  7 gnolls
  6 adders
  3 oozes
  An adder skeleton (D:7)
  4 worms
  4 dart slugs
  A leopard gecko (D:2)
  28 orcs
  2 ball pythons
  6 giant cockroaches
  5 goblins
  13 hobgoblins
  3 jackals (D:1)
  3 quokkas
  8 bats
  5 frilled lizards
  12 kobolds
  A leopard gecko skeleton (D:4)
  8 rats
159 creatures vanquished.

Vanquished Creatures (others)
  2 orcs (D:7)
2 creatures vanquished.

Grand Total: 161 creatures vanquished

Notes
Turn   | Place    | Note
-------+----------+-------------------------------------------
     0 | D:1      | Skodnik20 the Minotaur Berserker began the quest for the
                  | Orb.
     0 | D:1      | Reached XP level 1. HP: 19/19 MP: 0/0
   104 | D:1      | Reached XP level 2. HP: 24/27 MP: 1/1
   274 | D:1      | Reached skill level 3 in Armour
   289 | D:1      | Reached XP level 3. HP: 29/33 MP: 2/2
   411 | D:1      | You fall into a shaft and drop 1 floor!
   411 | D:2      | Found a shimmering blue altar of Sif Muna.
   411 | D:2      | Found an iron altar of Okawaru.
   416 | D:2      | Reached ** piety under Trog
   474 | D:2      | You fall into a shaft and drop 1 floor!
   607 | D:2      | Found an opulent altar of Gozag.
   660 | D:2      | Reached XP level 4. HP: 37/41 MP: 3/3
  1136 | D:2      | Noticed Natasha
  1139 | D:2      | Killed Natasha
  1347 | D:2      | Reached XP level 5. HP: 43/47 MP: 4/4
  1644 | D:2      | Found an opulent altar of Gozag.
  1854 | D:2      | Found an iron altar of Okawaru.
  1856 | D:2      | Found a shimmering blue altar of Sif Muna.
  2062 | D:2      | Noticed Natasha
  2252 | D:2      | Found an opulent altar of Gozag.
  2462 | D:2      | Found an iron altar of Okawaru.
  2464 | D:2      | Found a shimmering blue altar of Sif Muna.
  2972 | D:3      | Reached *** piety under Trog
  2976 | D:3      | Reached skill level 4 in Armour
  3048 | D:3      | Found a shadowy altar of Dithmenos.
  3057 | D:3      | Noticed a centaur
  3070 | D:3      | Killed a centaur
  3070 | D:3      | Reached skill level 5 in Fighting
  3070 | D:3      | Reached skill level 5 in Axes
  3070 | D:3      | Reached XP level 6. HP: 19/56 MP: 5/5
  3308 | D:3      | Found a burning altar of Makhleb.
  3514 | D:3      | Found a stormy altar of Qazlal.
  3743 | D:4      | Found a basalt altar of Yredelemnul.
  3783 | D:4      | Found a staircase to the Ecumenical Temple.
  3998 | D:4      | Found a bloodstained altar of Trog.
  4111 | D:4      | Reached skill level 5 in Armour
  4111 | D:4      | Reached XP level 7. HP: 36/62 MP: 6/6
  4507 | D:4      | Found Furulej's Armour Boutique.
  4541 | D:5      | Entered Level 5 of the Dungeon
  4608 | D:5      | Reached skill level 5 in Dodging
  4829 | D:5      | Reached skill level 6 in Armour
  4829 | D:5      | Reached skill level 1 in Shields
  5396 | D:6      | Reached **** piety under Trog
  5396 | D:6      | Reached XP level 8. HP: 71/71 MP: 7/7
  6434 | D:7      | Reached skill level 7 in Armour
  6557 | D:7      | Found a glowing golden altar of the Shining One.
  6724 | D:7      | Found a white marble altar of Elyvilon.
  6819 | D:7      | Noticed Pikel
  6828 | D:7      | Killed Pikel
  6828 | D:7      | Reached skill level 8 in Armour
  6828 | D:7      | Reached skill level 5 in Shields
  6828 | D:7      | Reached XP level 9. HP: 66/77 MP: 8/8
  7181 | D:8      | HP: 3/77 [orc warrior/+0 battleaxe (6)]
  7182 | D:8      | Demolished by an orc warrior

Levels and vault maps discovered:
D:1:      dpeg_arrival_ternary, layout_loops_ring, columned_hall_lemuel
D:2:      layout_basic, nicolae_overflow_hidden_temple, minitemple, uniq_natasha
D:3:      layout_basic, lemuel_coloured_pillars_altar, grunt_dithmenos_smoke,
          nicolae_qazlal_general_emergency
D:4:      layout_gridville, bloody_trog, yredelemnul_altar_generic,
          minmay_temple_entry_arrows, first_ration, serial_shops,
          nicolae_shop_behind_doors
D:5:      layout_basic
D:6:      layout_layer_cave
D:7:      layout_basic, tso_metal_star, lemuel_crystal_altar, uniq_pikel
D:8:      layout_loops_cross, kennysheep_mini_moat, serial_shops, shop_statue,
          grunt_ogre_cave, kennysheep_cross_bottleneck, uniq_psyche

Skill      XL: |  1  2  3  4  5  6  7  8 |
---------------+-------------------------+-----
Fighting       | 4 5 6 |  6.3
Axes           | 4 5 6 |  6.3
Armour         | 3 4 5 6 8 |  8.4
Dodging        | 3 4 5 7 |  7.7
Shields        | 2 5 |  5.9

Action                   |  1- 3 |  4- 6 |  7- 9 || total
-------------------------+-------+-------+-------++-------
Melee: Hand axe          |    90 |   116 |    28 ||   234
       Headbutt          |    18 |    28 |    50 ||    96
       War axe           |       |       |   205 ||   205
Invok: Trog's Hand       |       |     1 |     1 ||     2
       Berserk           |       |       |     3 ||     3
  Use: Scroll            |       |     4 |       ||     4
  Eat: Chunk             |       |     7 |     9 ||    16
       Ration            |       |     1 |     1 ||     2
Armor: Animal skin       |    12 |       |       ||    12
       Scale mail        |     7 |    40 |    54 ||   101
Dodge: Dodged            |    58 |    65 |    76 ||   199
Block: Shield            |       |       |    74 ||    74
